 Dungeon Crawl Stone Soup version 0.25.1-2-g60ff931df9 (webtiles) character file.

Game seed: 7129374767750195929

16 Martska the Grasshopper (level 2, 0/27 HPs)
             Began as a Naga Warper on Aug 16, 2020.
             Slain by a bat (1 damage)
             ... on level 1 of the Dungeon.
             The game lasted 00:00:44 (432 turns).

Martska the Grasshopper (Naga Warper)                Turns: 432, Time: 00:00:44

Health: 0/27       AC:  2    Str: 13    XL:     2   Next: 58%
Magic:  5/5        EV:  9    Int: 13    God:
Gold:   0          SH:  0    Dex: 10    Spells: 5/5 levels left

rFire    . . .     SeeInvis +   a - +0 spear
rCold    . . .     Gourm    .   (no shield)
rNeg     . . .     Faith    .   b - +0 leather armour
rPois    +         Spirit   .   (no helmet)
rElec    .         Reflect  .   (no cloak)
rCorr    .         Harm     .   (no gloves)
MR       .....                  (no barding)
Stlth    +.........             (no amulet)
HPRegen  0.09/turn              (no ring)
MPRegen  0.09/turn              (no ring)

@: very slow
A: large, see invisible, deformed body, poison resistance, slowness 2, slow
metabolism 1, spit poison 1, AC +0
a: Spit Poison


You were on level 1 of the Dungeon.
You were not hungry.

You visited 1 branch of the dungeon, and saw 1 of its levels.

Inventory:

Hand Weapons
 a - a +0 spear (weapon)
Missiles
 e - 5 boomerangs of dispersal (quivered)
Armour
 b - a +0 leather armour (worn)
Jewellery
 c - an uncursed ring of protection from cold {unknown}
Scrolls
 d - 2 scrolls of blinking
 h - a scroll of identify {unknown}
 j - a scroll of remove curse {unknown}
Potions
 g - a potion of invisibility
Comestibles
 f - a ration
 i - 5 chunks of flesh


   Skills:
 * Level 2.4 Fighting
 * Level 2.3 Polearms
 - Level 0.8 Throwing
 + Level 0.9 Armour
 + Level 1.6 Dodging
 + Level 2.1 Spellcasting
   Level 3.0 Translocations


You had 5 spell levels left.
You didn't know any spells.
Your spell library contained the following spells:

 Spells                   Type           Power        Failure   Level  Hunger
 Blink                    Tloc           N/A          14%         2    ###....
 Shroud of Golubria       Chrm/Tloc      #.....       26%         2    ###....
 Gell's Gravitas          Tloc           #.........   28%         3    ####...
 Lesser Beckoning         Tloc           #.........   28%         3    ####...
 Teleport Other           Tloc           #.......     28%         3    ####...
 Passage of Golubria      Tloc           N/A          67%         4    #####..


Dungeon Overview and Level Annotations

Branches:
Dungeon (1/15)

Altars:


Innate Abilities, Weirdness & Mutations

You cannot wear boots.
Your serpentine skin is tough. (AC +0)
You have supernaturally acute eyesight. (SInv)
Armour fits poorly on your strangely shaped body.
Your system is resistant to poisons. (rPois)
You cover ground very slowly.
You have a slow metabolism.
You can spit poison.


Message History

The bat misses you. The giant cockroach closely misses you.
The kobold hits you.
* * * LOW HITPOINT WARNING * * *
The kobold hits you with a +0 club.
* * * LOW HITPOINT WARNING * * *
You barely miss the bat.
The bat is moderately wounded.
The bat barely misses you.
The giant cockroach bites you but does no damage.
The bat misses you. The kobold hits you but does no damage.
The kobold hits you with a +0 club.
* * * LOW HITPOINT WARNING * * *
You completely miss the bat.
The bat is moderately wounded.
The bat hits you but does no damage. The giant cockroach closely misses you.
The kobold barely misses you.
You barely miss the bat.
The bat is moderately wounded.
The bat hits you.
You die...

## #.# .##.# # .. #.#
....# ## ##$#.##.#
#...###..
#?....#.####........
...................#
.....>?.#..#.......#.
........#...........
......).Ks.#......#
.......gK@##......##.
#
........#b##.........
..##
$......##.##......##
.... .......
#.###..#### ....
....... #.##...###
#.###.. .......
#.##.#...##... ...
.....
#.##.#.......###.#
#.##.#.......#...#
#.##.#......... #


You could see a giant cockroach, a goblin, a bat and 2 kobolds.

Vanquished Creatures
  2 ball pythons (D:1)
  4 bats (D:1)
  A giant cockroach (D:1)
  3 hobgoblins (D:1)
  3 kobolds (D:1)
  A rat (D:1)
14 creatures vanquished.

Notes
Turn   | Place    | Note
-------+----------+-------------------------------------------
     0 | D:1      | Martska the Naga Warper began the quest for the Orb.
     0 | D:1      | Reached XP level 1. HP: 19/19 MP: 3/3
   222 | D:1      | Reached XP level 2. HP: 25/26 MP: 5/5
   430 | D:1      | HP: 1/27 [kobold/+0 club (2)]
   432 | D:1      | Slain by a bat

Illustrated notes

Levels and vault maps discovered:
D:1:      erik_arrival_triangle_medium, layout_rooms

Action                   || total
-------------------------++-------
Melee: Spear             ||    53
Armor: Leather armour    ||    20
Dodge: Dodged            ||    40
